 Dungeon Crawl Stone Soup version 0.30-a0-618-gd6c86c23d0 (webtiles) character file.

Game seed: 15847383610820795449

87 Leeroy the Cutter (level 4, 0/30 HPs)
             Began as a Vampire Enchanter on Jan 9, 2023.
             Slain by a gnoll
             ... wielding a +0 spear
              (7 damage)
             ... on level 4 of the Dungeon.
             The game lasted 00:06:13 (2559 turns).

Leeroy the Cutter (Vampire Enchanter)               Turns: 2559, Time: 00:06:14

Health: 0/30       AC:  6    Str:  7    XL:     4   Next: 28%
Magic:  7/7        EV: 12    Int: 17    God:
Gold:   240        SH:  0    Dex: 16    Spells: 7/7 levels left

rFire   + . .      SeeInvis +    a - +1 dagger
rCold   x . .      Faith    .    (no shield)
rNeg    . . .      Spirit   .    b - +0 robe
rPois   .          Reflect  .    (no helmet)
rElec   .          Harm     .    (no cloak)
rCorr   .          Rampage  .    (no gloves)
Will    .....                    (no boots)
Stlth   +++                      (no amulet)
HPRegen 0.45/turn                f - +4 ring of protection
MPRegen 0.10/turn                i - ring of fire

@: healing quickly
A: alive, fangs 3, see invisible, vampiric 2
a: Exsanguinate


You were on level 4 of the Dungeon.
You visited 1 branch of the dungeon, and saw 4 of its levels.

You collected 240 gold pieces.

Inventory:

Hand Weapons
 a - a +1 dagger (weapon)
Armour
 b - a +0 robe (worn)
Jewellery
 f - a +4 ring of protection (left hand)
 i - a ring of fire (right hand)
Scrolls
 d - 2 scrolls of brand weapon {unknown}
 e - 2 scrolls of fog {unknown}
 h - 2 scrolls of identify {unknown}
 l - a scroll of teleportation {unknown}
 o - 2 scrolls of enchant weapon {unknown}
 q - a scroll of vulnerability {unknown}
 r - a scroll of noise {unknown}
Potions
 c - 2 potions of invisibility
 g - a potion of mutation {unknown}
 j - a potion of lignification {unknown}
 k - 2 potions of haste {unknown}
 m - a potion of berserk rage {unknown}
 n - a potion of curing {unknown}
 p - 2 potions of brilliance {unknown}
 s - a potion of heal wounds {unknown}
 t - a potion of flight {unknown}


   Skills:
 + Level 4.6 Short Blades
 - Level 2.1 Dodging
 - Level 4.4 Stealth
 - Level 2.0 Spellcasting
 - Level 4.4 Hexes


You had 7 spell levels left.
You didn't know any spells.
Your spell library contained the following spells:

 Spells                   Type           Power      Damage    Failure   Level
 Confusing Touch          Hex            16%        N/A       10%         3
 Tukima's Dance           Hex            16%        N/A       10%         3
 Ensorcelled Hibernation  Hex/Ice        18%        N/A       12%         2
 Necrotise                Necr           4%         1d4       19%         1
 Dazzling Flash           Conj/Hex       18%        N/A       24%         3
 Vampiric Draining        Necr           1%         2d6       50%         3
 Passage of Golubria      Tloc           1%         N/A       88%         4
 Yara's Violent Unravell  Hex/Tmut       4%         3d4       91%         5
 Agony                    Necr           1%         N/A       99%         5


Dungeon Overview and Level Annotations

Branches:
Dungeon (4/15)             Temple (0/1) D:4

Altars:
Nemelex Xobeh


Innate Abilities, Weirdness & Mutations

Your natural rate of healing is accelerated.
You have razor-sharp teeth.
You have supernaturally acute eyesight. (SInv)
You are afflicted with vampirism and can become a bat while bloodless.


Message History

The gnoll shouts!
The gnoll shouts!
The hobgoblin shouts!
You hit the gnoll.
The gnoll is moderately wounded.
The gnoll hits you with a +0 club. The gnoll barely misses you.
You closely miss the gnoll.
The gnoll is moderately wounded.
You hit the gnoll.
The gnoll is severely wounded.
The gnoll misses you. The gnoll barely misses you.
The gnoll hits you from afar with a +0 spear.
The gnoll hits you with a +0 club.
You hit the gnoll.
The gnoll is severely wounded.
The gnoll hits you but does no damage. x2
The gnoll hits you from afar with a +0 spear.
The gnoll hits you but does no damage.
You hit the gnoll.
The gnoll is severely wounded.
The hobgoblin barely misses you. The gnoll closely misses you.
The gnoll hits you with a +0 club. The gnoll hits you but does no damage.
The gnoll misses you.
You hit the gnoll but do no damage.
The gnoll is severely wounded.
You hit the gnoll but do no damage.
The gnoll is severely wounded.
The gnoll completely misses you.
The hobgoblin hits you but does no damage.
The gnoll hits you but does no damage. x2
The gnoll hits you from afar with a +0 spear.
You completely miss the gnoll.
The gnoll is severely wounded.
The gnoll hits you with a +2 flail of holy wrath!
* * * LOW HITPOINT WARNING * * *
You convulse.
* * * LOW HITPOINT WARNING * * *
The hobgoblin closely misses you. The gnoll closely misses you.
The gnoll barely misses you.
The gnoll hits you from afar with a +0 spear!
You die...

...........## ..
.............
#.###...........
....#.$......... #
............##.### .##
.........#..##...#...##
.........#.###...>..^.##
......g.....#...# .....#
.....Sg@.#.....# #......
.....ggg.##.#..##.......
..........#.##.#........
.........##.#...........
............####.##.....
..............#...#.....
........................
##........≈≈≈≈≈.........
≈≈≈≈≈≈≈~.......


You could see 4 gnolls, an adder and a hobgoblin.

Vanquished Creatures
  3 adders
  An ufetubus (D:4)
  An orc (D:3)
  6 endoplasms
  4 giant cockroaches
  3 goblins
  5 hobgoblins
  A quokka (D:1)
  2 ball pythons
  7 bats
  3 frilled lizards
  8 kobolds
  8 rats
52 creatures vanquished.

Notes
Turn   | Place    | Note
-------+----------+-------------------------------------------
     0 | D:1      | Leeroy the Vampire Enchanter began the quest for the Orb.
     0 | D:1      | Reached XP level 1. HP: 13/13 MP: 3/3
   276 | D:1      | Reached XP level 2. HP: 19/19 MP: 5/5
   941 | D:2      | Identified the +11 hand axe of Immorality {antimagic, SInv}
  1125 | D:2      | Gained mutation: You are afflicted with vampirism and can
                  | become a bat while bloodless. [Vampire growth]
  1125 | D:2      | Reached XP level 3. HP: 24/24 MP: 6/6
  2147 | D:3      | Found a sparkling altar of Nemelex Xobeh.
  2365 | D:3      | Reached XP level 4. HP: 30/30 MP: 7/7
  2511 | D:4      | Found a staircase to the Ecumenical Temple.
  2559 | D:4      | Slain by a gnoll

Illustrated notes

Levels and vault maps discovered:
D:1:      minmay_arrival_widening_spiral_wide, layout_loops_ring, chequers_jeans
D:2:      layout_loops_cross, minmay_misc_feat_rugged, minmay_pentomino_x2
D:3:      layout_basic, mainiacjoe_overflow_surrounded_room
D:4:      layout_cave_pools, mainiacjoe_overflow_alcove_2, temple_pool_b,
          dreamdust_wishing_well

Skill      XL: |  1  2  3 |
---------------+----------+-----
Short Blades   | 2 3 4 |  4.6
Dodging        | |  2.1
Stealth        | |  4.4
Spellcasting   | |  2.0
Hexes          | |  4.4

Action                   |  1- 3 |  4- 6 || total
-------------------------+-------+-------++-------
Melee: Dagger            |   164 |    35 ||   199
       Bite              |    14 |     2 ||    16
       Punch             |     2 |     1 ||     3
 Stab: Sleeping          |     7 |     1 ||     8
Armor: Robe              |    42 |    25 ||    67
Dodge: Dodged            |    96 |    22 ||   118

Table legend: (Time is in decaauts)
 A = Elapsed time spent in this place.
 B = Non-inter-level travel time spent in this place.
 C = Inter-level travel time spent in this place.
 D = Time resting spent in this place.
 E = Time spent auto-exploring this place.
 F = Levels seen in this place.
 G = Mean time per level.
                   A        B        C        D        E       F      G
               +--------+--------+--------+--------+--------+-----+--------+
         Total |   2523 |   2421 |    102 |      0 |   1963 |   4 |  630.8 |
       Dungeon |   2523 |   2421 |    102 |      0 |   1963 |   4 |  630.8 |
               +--------+--------+--------+--------+--------+-----+--------+

Top non-repeatable levels by time:
     D:3: 885 daAuts
     D:1: 784 daAuts
     D:2: 750 daAuts
     D:4: 103 daAuts
